 Dungeon Crawl Stone Soup version 0.28-a0-206-gc2c9e32840 (webtiles) character file.

Game seed: 6587579673009821198

216 Whiskey the Skirmisher (level 5, 0/42 HPs)
             Began as a Demonspawn Fighter on Aug 20, 2021.
             Slain by Crazy Yiuf (9 damage)
             ... on level 3 of the Dungeon.
             The game lasted 00:06:52 (3040 turns).

Whiskey the Skirmisher (Demonspawn Fighter)         Turns: 3040, Time: 00:06:52

Health: 0/42       AC:  8    Str: 17    XL:     5   Next: 61%
Magic:  14/14      EV:  7    Int: 10    God:
Gold:   97         SH:  8    Dex: 12    Spells: 4/4 levels left

rFire   . . .      SeeInvis .   a - +0 war axe
rCold   . . .      Faith    .   c - +0 kite shield
rNeg    . . .      Spirit   .   b - +0 scale mail
rPois   .          Reflect  .   q - +0 helmet
rElec   .          Harm     .   (no cloak)
rCorr   .          Rampage  .   (no gloves)
Will    .....                   (no boots)
Stlth   ..........              d - amulet of regeneration {+regen, !d}
HPRegen 1.14/turn               h - ring of magical power {MP+9}
MPRegen 0.14/turn               (no ring)

@: no status effects
A: talons 1, condensation shield
a: no special abilities


You were on level 3 of the Dungeon.
You visited 1 branch of the dungeon, and saw 3 of its levels.

You collected 97 gold pieces.

Inventory:

Hand Weapons
 a - a +0 war axe (weapon)
 e - a +3 vorpal trident
   (You took it off Terence on level 2 of the Dungeon)
 o - a +1 trident of protection
   (You found it on level 3 of the Dungeon)
 p - a +0 spear of venom
   (You took it off Robin on level 3 of the Dungeon)
Armour
 b - a +0 scale mail (worn)
 c - a +0 kite shield (worn)
 i - a +0 chain mail of positive energy
   (You took it off Terence on level 2 of the Dungeon)
 q - a +0 helmet (worn)
   (You took it off Robin on level 3 of the Dungeon)
Jewellery
 d - an amulet of regeneration (around neck) {+regen, !d}
   (You found it on level 2 of the Dungeon)
 h - a ring of magical power (left hand) {MP+9}
   (You found it on level 1 of the Dungeon)
 s - a ring of ice {rC+, rF-}
   (You found it on level 3 of the Dungeon)
Scrolls
 f - a scroll of magic mapping {unknown}
 g - 2 scrolls of amnesia {unknown}
 k - a scroll of teleportation {unknown}
 l - a scroll of fear {unknown}
 r - a scroll of noise {unknown}
Potions
 j - a potion of heal wounds {unknown}
 m - a potion of berserk rage {unknown}
 n - 2 potions of curing


   Skills:
 + Level 4.1 Fighting
 + Level 3.0 Axes
 + Level 3.7 Armour
 + Level 3.6 Shields


You had 4 spell levels left.
You didn't know any spells.
Your spell library contained the following spells:

 Spells                   Type           Power      Damage    Failure   Level
 Summon Small Mammal      Summ           0%         N/A       99%         1
 Call Canine Familiar     Summ           0%         N/A       100%        3
 Portal Projectile        Hex/Tloc       0%         N/A       100%        3
 Summon Guardian Golem    Hex/Summ       0%         N/A       100%        3
 Leda's Liquefaction      Hex/Erth       0%         N/A       100%        4
 Blade Hands              Tmut           0%         N/A       100%        5
 Excruciating Wounds      Necr           0%         N/A       100%        5


Dungeon Overview and Level Annotations

Branches:
Dungeon (3/15)

Altars:

Shops:
D:3 (

Annotations:
D:3 1 runed translucent door, Crazy Yiuf; Spaninq's ghost, amateur DrAM


Innate Abilities, Weirdness & Mutations

You have sharp toenails.
A meltable shield of frost defends you. (SH +0)


Message History

No target in view!
There is an escape hatch in the floor here.
There is an escape hatch in the ceiling here.
A hobgoblin comes into view.
The hobgoblin shouts!
The hobgoblin hits you but does no damage.
You slash the hobgoblin!
You kill the hobgoblin!
No target in view!
No target in view!
No target in view!
No target in view!
No target in view!
No target in view!
No target in view!
No target in view!
No target in view!
No target in view!
No target in view!
No target in view!
A rat comes into view.
You block the rat's attack.
You slash the rat!
You kill the rat!
No target in view!
No target in view!
No target in view!
No target in view!
No target in view!
No target in view!
No target in view!
No target in view!
No target in view!
No target in view!
No target in view!
No target in view!
No target in view!
No target in view!
No target in view!
No target in view!
Found a stone staircase leading up.
There is a stone staircase leading up here.
A giant cockroach comes into view.
The giant cockroach bites you but does no damage.
You block the giant cockroach's attack.
You closely miss the giant cockroach. You claw the giant cockroach.
You block the giant cockroach's attack. x2
You hit the giant cockroach. You block the giant cockroach's attack.
The giant cockroach bites you but does no damage.
You hit the giant cockroach but do no damage.
You claw the giant cockroach.
You kill the giant cockroach!
No target in view!
No target in view!
No target in view!
No target in view!
No target in view!
No target in view!
No target in view!
No target in view!
No target in view!
No target in view!
No target in view!
Found a stone staircase leading down.
No target in view!
r - a scroll labelled BIEWOC ACEN
There is a stone staircase leading down here.
s - a ring of ice {rC+, rF-}
Found Kycziv's Antique Weapon Boutique.
There is an entrance to Kycziv's Antique Weapon Boutique here.
There is a stone staircase leading down here.
Crazy Yiuf shouts!
Crazy Yiuf grits, "Goober!
You Orb Guardian foot."
Things that are here:
a +0 club; a +0 club; a +0 animal skin Spaninq's ghost turns its malevolent gaze towards you.
The adder hisses angrily.
Could not explore, unopened runed door.
Okay, then.
You start putting on your armour.
You continue putting on your +0 helmet. x4
Crazy Yiuf says, "I'm not crazy!"
You finish putting on your +0 helmet.
As you open the door, it creaks loudly!
You hit Crazy Yiuf. Your kick misses Crazy Yiuf.
Crazy Yiuf hits you with a +2 quarterstaff of chaos.
You take 3 damage, and have 39/42 hp.
You closely miss Crazy Yiuf.
Crazy Yiuf hits you with a +2 quarterstaff of chaos. x2
Your condensation shield dissipates!
Crazy Yiuf burns you.
You take 7 damage, and have 32/42 hp.
You hit Crazy Yiuf but do no damage.
Crazy Yiuf screams, "Powder snockshim pontify!"
Crazy Yiuf hits you with a +2 quarterstaff of chaos!
You convulse!
* * * LOW HITPOINT WARNING * * *
You take 24 damage, and have 8/42 hp.
MASSIVE DAMAGE!!
You slash Crazy Yiuf! You claw Crazy Yiuf, but do no damage.
Crazy Yiuf hits you with a +2 quarterstaff of chaos!
You die...

#.####.####
#...##.###.# #.# ###
#.# ###.##.# #.# #.#
#<# #.##.# #.# #.#
######.# ###### #.#
#.# ....##.# #.# #.#
###.##†## ♣♣♣♣♣##.#
#.# #.#...## ###
♣♣♣.♣.....# #.#
#......#
#...#♣..♣......###.#
#.#...##
#...g@♣♣♣♣......##.#
###.##...# #)..#♣♣
♣♣........#
....###### ###
♣♣##.##### ÷..<....#
#.# #######.# #.#
#.#################.#
#......>............#
#.###################
#.#


You could see Crazy Yiuf.

Vanquished Creatures
  Ijyb (D:3)
  Terence (D:2)
  3 orc wizards (D:3)
  Robin (D:3)
  2 adders
  2 worms (D:2)
  2 dart slugs (D:2)
  2 orcs (D:3)
  3 endoplasms
  2 giant cockroaches
  7 hobgoblins (D:3)
  10 jackals
  3 quokkas
  3 ball pythons
  5 bats
  7 frilled lizards
  12 goblins
  3 kobolds
  5 rats
74 creatures vanquished.

Notes
Turn   | Place    | Note
-------+----------+-------------------------------------------
     0 | D:1      | Whiskey the Demonspawn Fighter began the quest for the Orb.
     0 | D:1      | Reached XP level 1. HP: 18/18 MP: 1/1
   253 | D:1      | Found a faded altar of an unknown god.
   372 | D:1      | Reached skill level 2 in Axes
   372 | D:1      | Gained mutation: A meltable shield of frost defends you.
                  | (SH +0) [demonic ancestry]
   372 | D:1      | Reached XP level 2. HP: 23/24 MP: 2/2
  1481 | D:2      | Reached skill level 3 in Armour
  1481 | D:2      | Reached skill level 3 in Shields
  1497 | D:2      | HP: 5/24 [poisoned by an adder]
  1499 | D:2      | Reached XP level 3. HP: 5/29 MP: 3/3
  1769 | D:2      | Noticed Terence
  1779 | D:2      | Killed Terence
  1782 | D:2      | Reached XP level 4. HP: 22/36 MP: 4/4
  2227 | D:3      | Found a runed translucent door.
  2227 | D:3      | Noticed Ijyb
  2228 | D:3      | Noticed Spaninq's ghost (amateur DrAM)
  2279 | D:3      | Killed Ijyb
  2320 | D:3      | Gained mutation: You have sharp toenails. [demonic
                  | ancestry]
  2320 | D:3      | Reached XP level 5. HP: 31/42 MP: 5/5
  2366 | D:3      | Noticed Robin
  2371 | D:3      | Reached skill level 4 in Fighting
  2382 | D:3      | Killed Robin
  2388 | D:3      | Reached skill level 3 in Axes
  2870 | D:3      | Found Kycziv's Antique Weapon Boutique.
  2908 | D:3      | Found a runed translucent door.
  2909 | D:3      | Noticed Crazy Yiuf
  3039 | D:3      | HP: 8/42 [Crazy Yiuf (13)]
  3040 | D:3      | Slain by Crazy Yiuf

Illustrated notes

Levels and vault maps discovered:
D:1:      eino_arrival_cavern_b, layout_basic, ebering_ecumenical_altar_box
D:2:      layout_rooms, serial_curves, eino_curves_03, eino_curves_01,
          uniq_terence
D:3:      layout_loops_ring, serial_shops, shop, ebering_ghost_sewer_d,
          uniq_crazy_yiuf_cottage, uniq_robin, uniq_ijyb

Skill      XL: |  1  2  3  4  5 |
---------------+----------------+-----
Axes           | 2 3 |  3.0
Armour         | 3 |  3.7
Shields        | 3 |  3.6
Fighting       | 4 |  4.1

Action                   |  1- 3 |  4- 6 || total
-------------------------+-------+-------++-------
Melee: War axe           |    79 |   167 ||   246
       Kick              |       |    15 ||    15
  Use: Potion            |     2 |       ||     2
       Scroll            |     1 |       ||     1
Armor: Scale mail        |    55 |    73 ||   128
Dodge: Dodged            |    30 |    45 ||    75
Block: Kite shield       |    57 |   116 ||   173

Table legend: (Time is in decaauts)
 A = Elapsed time spent in this place.
 B = Non-inter-level travel time spent in this place.
 C = Inter-level travel time spent in this place.
 D = Time resting spent in this place.
 E = Time spent auto-exploring this place.
 F = Levels seen in this place.
 G = Mean time per level.
                   A        B        C        D        E       F      G
               +--------+--------+--------+--------+--------+-----+--------+
         Total |   3189 |   3092 |     97 |    187 |   2263 |   3 | 1063.0 |
       Dungeon |   3189 |   3092 |     97 |    187 |   2263 |   3 | 1063.0 |
               +--------+--------+--------+--------+--------+-----+--------+

Top non-repeatable levels by time:
     D:1: 1505 daAuts
     D:3: 970 daAuts
     D:2: 713 daAuts

Table legend:
 A = Kills in this place as a percentage of kills in entire the game.
 B = Kills by you in this place as a percentage of kills by you in the entire game.
 C = Kills by friends in this place as a percentage of kills by friends in the entire game.
 D = Other kills in this place as a percentage of other kills in the entire game.
 E = Experience gained in this place as a percentage of experience gained in the entire game.
 F = Experience gained in this place divided by the number of levels of this place that you have seen.
                   A       B       C       D       E      F
               +-------+-------+-------+-------+-------+----------------------
         Total | 100.0 | 100.0 |   N/A |   N/A | 100.0 | 103.0
       Dungeon | 100.0 | 100.0 |   N/A |   N/A | 100.0 | 103.0
               +-------+-------+-------+-------+-------+----------------------
